 Dungeon Crawl Stone Soup version 0.17.1-1-g73c8601 (webtiles) character file.

65 Andry07 the Shield-Bearer (level 4, -7/24 HPs)
             Began as a Vine Stalker Fighter on Dec 31, 2015.
             Killed by divine providence
             ... invoked by an orc priest
              (11 damage)
             ... on level 3 of the Dungeon.
             The game lasted 00:02:55 (1674 turns).

Andry07 the Shield-Bearer (Vine Stalker Fighter)    Turns: 1674, Time: 00:02:55

Health: -7/24      AC:  6    Str: 20    XL:     4   Next: 13%
Magic:  0/5        EV:  7    Int:  8    God:
Gold:   86         SH:  9    Dex: 13    Spells: 0 memorised, 3 levels left

rFire  . . .     SeeInvis .     a - +0 long sword
rCold  . . .     Clarity  .     b - +0 scale mail
rNeg   . . .     SustAt   .     c - +0 shield
rPois  .         Gourm    .     (no helmet)
rElec  .         Spirit   +     (no cloak)
rCorr  .         Warding  .     (no gloves)
rMut   .         Stasis   .     (no boots)
MR     .....                    (no amulet)
Stlth  +.........               (no ring)
                                s - ring of stealth

@: not resistant to hostile enchantments, very unstealthy
A: fangs 2, regeneration 1, magic shield, antimagic bite, no device heal 3, rot
immunity
a: no special abilities


You were on level 3 of the Dungeon.
You were not hungry.

You visited 1 branch of the dungeon, and saw 3 of its levels.

You collected 86 gold pieces.

Inventory:

Hand Weapons
 a - a +0 long sword (weapon)
Armour
 b - a +0 scale mail (worn)
 c - a +0 shield (worn)
Jewellery
 s - a ring of stealth (left hand)
Wands
 r - a wand of frost (36)
Scrolls
 g - a scroll of amnesia
 j - a scroll of enchant armour
 k - a scroll of immolation
 n - a scroll of identify
 q - a scroll of blinking {unknown}
Potions
 d - a potion of might
 h - a potion of degeneration {unknown}
 i - a potion of curing {unknown}
 o - a potion of heal wounds {unknown}
Comestibles
 e - a bread ration
 f - 3 chunks of flesh
 l - a beef jerky
 m - a meat ration
 p - a royal jelly


   Skills:
 + Level 3.0 Fighting
 + Level 2.8 Long Blades
 - Level 2.4 Armour
 + Level 3.5 Shields


You had 3 spell levels left.
You didn't know any spells.

Dungeon Overview and Level Annotations

Branches:
Dungeon (3/15)

Altars:
Ru
Vehumet


Innate Abilities, Weirdness & Mutations

You have extremely sharp teeth.
Your natural rate of healing is unusually fast.
When hurt, damage is shared between your health and your magic reserves.
Your bite disrupts and absorbs the magic of your enemies.
Potions and wands cannot restore your health.
You are immune to rotting.


Message History

You barely miss the orc wizard.
The orc shouts!
The orc wizard barely misses you. The orc wizard hits you with a dagger.
Your shield and scale mail prevent you from hitting the orc wizard.
You bite the orc wizard.
The orc wizard's magic leaks into the air.
You drain its magic.
You feel invigorated.
The orc wizard is moderately wounded.
The orc wizard falters for a moment.
You closely miss the orc wizard. Your bite misses the orc wizard.
The orc wizard is moderately wounded.
The orc wizard falters for a moment.
The orc priest looks braver for a moment.
The orc wizard hits you with a dagger.
The orc priest invokes the aid of Beogh against you.
Something smites you!
* * * LOW HITPOINT WARNING * * *
The orc priest mumbles some strange prayers to Beogh against you.
Something smites you!
You die...

#.........######## ####.
#................< #....
#........................
#.................#.#.#..
#.........#######.# #.#..
######....# # #.. #....#
#.#.# #...)# #.... #..@.#
#...### #....# #.
#####....# #...o....#
#...o##### #.ooo# #....#
#....# #....#


You could see an orc priest, an orc wizard and 3 orcs.

Vanquished Creatures
  3 worms (D:2)
  4 giant geckos
  2 orcs (D:3)
  4 bats
  3 giant cockroaches
  4 goblins
  5 hobgoblins
  13 kobolds
  A ball python (D:1)
  2 giant newts (D:1)
  2 quokkas (D:2)
  8 rats
  A plant (D:2)
52 creatures vanquished.

Notes
Turn   | Place    | Note
--------------------------------------------------------------
     0 | D:1      | Andry07 the Vine Stalker Fighter began the quest for the Orb.
     0 | D:1      | Reached XP level 1. HP: 11/11 MP: 2/2
    76 | D:1      | Reached XP level 2. HP: 14/16 MP: 3/3
   153 | D:1      | Reached skill level 3 in Shields
   942 | D:2      | Reached XP level 3. HP: 17/19 MP: 4/4
  1151 | D:2      | Found a sacrificial altar of Ru.
  1470 | D:3      | Found a radiant altar of Vehumet.
  1540 | D:3      | Reached XP level 4. HP: 4/24 MP: 5/5
  1674 | D:3      | Killed from afar by an orc priest

Action                   |  1- 3 |  4- 6 || total
-------------------------+-------+-------++-------
Melee: Long sword        |   189 |    15 ||   204
  Use: Scroll            |     4 |       ||     4
  Eat: Chunk             |     2 |     1 ||     3
